 Dungeon Crawl Stone Soup version 0.22-a0-448-g1fb7470 (webtiles) character file.

81 iamserjio the Sneak (level 4, -4/30 HPs)
             Began as an Octopode Assassin on June 4, 2018.
             Slain by a gnoll
             ... wielding a +0 flail
              (13 damage)
             ... on level 2 of the Dungeon.
             The game lasted 00:02:02 (1051 turns).

iamserjio the Sneak (Octopode Assassin)             Turns: 1051, Time: 00:02:02

Health: -4/30      AC:  1    Str: 10    XL:     4   Next: 42%
Magic:  4/4        EV: 13    Int: 13    God:
Gold:   61         SH:  0    Dex: 14    Spells: 3/3 levels left

rFire    . . .     SeeInvis .   a - +2 dagger
rCold    . . .     Gourm    .   (no shield)
rNeg     . . .     Faith    .   (helmet restricted)
rPois    .         Spirit   .   (no amulet)
rElec    .         Reflect  .   (no ring)
rCorr    .         Harm     .   (no ring)
MR       .....                  (no ring)
Stlth    ++++......             (no ring)
HPRegen  0.10/turn              (no ring)
MPRegen  0.09/turn              (no ring)
                                (no ring)
                                (no ring)

@: no status effects
A: almost no armour, stealthy swim, amphibious, 8 rings, constrict 8, camouflage
1, gelatinous body 1
a: no special abilities


You were on level 2 of the Dungeon.
You were hungry.

You visited 1 branch of the dungeon, and saw 2 of its levels.

You collected 61 gold pieces.

Inventory:

Hand Weapons
 a - a +2 dagger (weapon)
 b - a +0 blowgun
Missiles
 c - 8 poisoned needles
 d - 2 curare-tipped needles
Scrolls
 e - 3 scrolls of teleportation {unknown}
 g - a scroll of fog {unknown}
 h - a scroll of identify {unknown}
Potions
 i - a potion of agility {unknown}
Comestibles
 f - 4 rations


   Skills:
 + Level 2.6 Fighting
 * Level 3.2 Short Blades
 - Level 2.0 Throwing
 + Level 1.9 Dodging
 + Level 5.9 Stealth


You had 3 spell levels left.
You didn't know any spells.
Your spell library was empty.

Dungeon Overview and Level Annotations

Branches:
Dungeon (2/15)

Altars:
Ashenzari
Kikubaaqudgha


Innate Abilities, Weirdness & Mutations

You cannot wear most types of armour.
You are very stealthy in the water. (Stealth+)
You are amphibious.
You can wear up to eight rings at the same time.
You can use your tentacles to constrict eight enemies at once.
Your skin changes colour to match your surroundings (Stealth+).
Your rubbery body absorbs attacks. (AC +1, EV +1)


Message History

You are feeling hungry.
The gnoll hits you but does no damage. The gnoll misses you.
You see here a club.
You hit the gnoll. You grab the gnoll.
The gnoll is heavily wounded.
You constrict the gnoll, but do no damage.
The gnoll hits you with a spear!
* * * LOW HITPOINT WARNING * * *
You release your grip on the gnoll.
The gnoll misses you.
You hit the gnoll. You grab the gnoll.
The gnoll is severely wounded.
You constrict the gnoll, but do no damage.
The gnoll closely misses you. The gnoll barely misses you.
You hit the gnoll but do no damage.
You kill the gnoll!
You hit the gnoll. You grab the gnoll. You squeeze the gnoll.
The gnoll is moderately wounded.
You constrict the gnoll. The gnoll hits you with a flail!
You die...

.###..########...........#......
.....######.....<.............#
..##........###...............
............#####..........
....#######................
....# #####..####.##.. ....#
#.#...... .. ...## #g#.###.##
...# #)@.# ...# #.....## ...#
#....## ...# ###... #### ....
...... #...... #.......


You could see a gnoll.

Vanquished Creatures
  2 gnolls (D:2)
  An adder (D:2)
  A worm (D:2)
  A dart slug (D:1)
  A ball python (D:1)
  12 bats
  A giant cockroach (D:2)
  5 goblins
  4 hobgoblins
  3 jackals (D:1)
  8 kobolds
  3 frilled lizards
  3 rats
45 creatures vanquished.

Notes
Turn   | Place    | Note
-------+----------+-------------------------------------------
     0 | D:1      | iamserjio the Octopode Assassin began the quest for the Orb.
     0 | D:1      | Reached XP level 1. HP: 14/14 MP: 1/1
    87 | D:1      | Reached XP level 2. HP: 19/19 MP: 2/2
   460 | D:1      | Reached XP level 3. HP: 24/24 MP: 3/3
   737 | D:2      | Found an ancient bone altar of Kikubaaqudgha.
   810 | D:2      | Found a shattered altar of Ashenzari.
   863 | D:2      | Reached XP level 4. HP: 20/30 MP: 4/4
  1051 | D:2      | Slain by a gnoll

Vault maps used:
D:1:      nzn_arrival_depleted_hourglass, serial_glass, glass_columns_b,
          glass_columns_c, item_on_display_b, feat_on_display,
          item_on_display_a, minmay_strange_pillars, grunt_decor_one_mirror
D:2:      overflow_temple_1_default, overflow_temple_1_default, dk_vineyard_2

Skill      XL: |  1  2  3 |
---------------+----------+-----
Short Blades   | 3 |  3.2
Fighting       | |  2.6
Throwing       | |  2.0
Dodging        | |  1.9
Stealth        | |  5.9

Action                   |  1- 3 |  4- 6 || total
-------------------------+-------+-------++-------
Melee: Dagger            |    87 |    17 ||   104
       Constrict         |    26 |     7 ||    33
       Tentacles         |    13 |     5 ||    18
 Stab: Sleeping          |    10 |       ||    10
Armor: Skin              |    16 |     5 ||    21
Dodge: Dodged            |    82 |    11 ||    93

Table legend:
 A = Spawn XP
 B = Non-spawn XP
 C = Spawn XP percentage of total XP
 D = Spawn monster count
 E = Non-spawn monster count
 F = Spawn count percentage of total count
 G = Total turns spent on level
                    A         B        C        D         E        F      G
               +---------+---------+-------+---------+---------+-------+---------
         Total |       0 |     117 |   0.0 |       0 |      45 |   0.0 |  1051
               +---------+---------+-------+---------+---------+-------+---------
           D:1 |       0 |      46 |   0.0 |       0 |      27 |   0.0 |   737
           D:2 |       0 |      71 |   0.0 |       0 |      18 |   0.0 |   314
               +---------+---------+-------+---------+---------+-------+---------
